 Dungeon Crawl Stone Soup version 0.18-a0-1577-gf591c28 (webtiles) character file.

341 M4edhros the Ducker (level 6, -4/57 HPs)
             Began as an Octopode Wanderer on Mar 18, 2016.
             Slain by M4edhros's ghost (8 damage)
             ... on level 4 of the Dungeon.
             The game lasted 00:07:24 (3327 turns).

M4edhros the Ducker (Octopode Wanderer)             Turns: 3327, Time: 00:07:24

Health: -4/57      AC: 23    Str: 17    XL:     6   Next: 56%
Magic:  6/6        EV:  2    Int: 22    God:
Gold:   315        SH:  0    Dex: 15    Spells: 2 memorised, 1 level left

rFire  . . .     SeeInvis .     p - +0 war axe (elec)
rCold  . . .     Gourm    .     (no shield)
rNeg   + + +     Faith    .     (helmet currently unavailable)
rPois  +         Spirit   .     (no amulet)
rElec  .         Dismiss  .     (no ring)
rCorr  .         Reflect  .     (no ring)
SustAt .         Harm     .     (no ring)
MR     .....     NoTele   +     (no ring)
Stlth  ++........               (no ring)
                                (no ring)
                                (no ring)
                                (no ring)

@: mighty, brilliant, agile, tree-form, very slightly contaminated, not
resistant to hostile enchantments, unstealthy
A: almost no armour, (amphibious), 8 rings, (constrict 8), (camouflage 0),
(gelatinous body 0)
a: no special abilities


You were on level 4 of the Dungeon.
You were not hungry.
You were a tree.
You visited 1 branch of the dungeon, and saw 4 of its levels.

You collected 315 gold pieces.

Inventory:

Hand Weapons
 b - a +0 hand crossbow
 p - a +0 war axe of electrocution (weapon)
 r - a +0 blowgun
 t - a +0 short sword of venom
Missiles
 c - 45 bolts
 x - 11 stones (quivered)
Scrolls
 i - a scroll of blinking {unknown}
 j - a scroll of amnesia {unknown}
 k - 7 scrolls of identify {unknown}
 m - a scroll of teleportation {unknown}
 n - 5 scrolls of recharging {unknown}
 y - a scroll of enchant weapon {unknown}
 z - a scroll of enchant armour {unknown}
 C - a scroll of fear {unknown}
 D - a scroll of random uselessness {unknown}
Books
 o - a Young Poisoner's Handbook

   Spells                             Type                      Level
   a - Sting                          Conjuration/Poison           1
   b - Cure Poison                    Poison                       2
   c - Mephitic Cloud                 Conjuration/Poison/Air       3
   d - Olgreb's Toxic Radiance        Poison                       4
   e - Venom Bolt                     Conjuration/Poison           5
 w - a book of Summonings

   Spells                             Type                      Level
   a - Recall                         Summoning/Translocation      3
   b - Aura of Abjuration             Summoning                    5
   c - Summon Demon                   Summoning                    5
   d - Summon Forest                  Summoning/Translocation      5
   e - Summon Mana Viper              Hexes/Summoning              5
   f - Shadow Creatures               Summoning                    6
Miscellaneous
 a - a lamp of fire (inert)
Comestibles
 f - 5 bread rations
 g - 6 fruits
 s - 2 meat rations
 u - a royal jelly
 E - a beef jerky


   Skills:
 - Level 1.0 Fighting
 - Level 4.0 Crossbows
 - Level 1.0 Throwing
 + Level 5.5 Dodging
 + Level 1.2 Conjurations
   Level 1.0 Charms
 + Level 1.5 Air Magic
 * Level 3.3 Poison Magic
 - Level 1.1 Evocations


You had one spell level left.
You knew the following spells:

 Your Spells              Type           Power        Failure   Level  Hunger
a - Sting                 Conj/Pois      ###.         1%          1    ##.....
b - Mephitic Cloud        Conj/Pois/Air  ###.....     2%          3    ####...


Dungeon Overview and Level Annotations

Branches:
Dungeon (4/15)
 Temple: D:4-7

Altars:
Dithmenos
Ru

Annotations:
D:4 M4edhros's ghost, novice OpWn


Innate Abilities, Weirdness & Mutations

You cannot wear most types of armour.
((You are amphibious.))
You can wear up to eight rings at the same time.
((You can use your tentacles to constrict eight enemies at once.))
((Your skin changes colour to match your surroundings (Stealth).))
((Your rubbery body absorbs attacks (AC +1).))


Message History

You barely miss M4edhros's ghost.
M4edhros's ghost is lightly damaged.
M4edhros's ghost hits you but does no damage. x2
You slash M4edhros's ghost!
M4edhros's ghost is moderately damaged.
M4edhros's ghost hits you but does no damage.
You barely miss M4edhros's ghost.
M4edhros's ghost is moderately damaged.
M4edhros's ghost hits you but does no damage.
M4edhros's ghost completely misses you.
You closely miss M4edhros's ghost.
M4edhros's ghost is moderately damaged.
M4edhros's ghost hits you but does no damage.
You are electrocuted!
* * * LOW HITPOINT WARNING * * *
You slash M4edhros's ghost!
M4edhros's ghost is heavily damaged.
M4edhros's ghost hits you but does no damage.
You are electrocuted!
You die...

#........##.#...........# #...#
#..#####.###.##..#.####.###.#.##
#..# #.##.........#...#... ##..#
#.##.#.........#####. ....#
#.###.......######...#..> ##.##
#......>.#..# ###.#..# ##.#
#######....#..# #....# ...#
#.......####..# ####.# ####
#.........♣WO.# ##.#
#######..#########.#$..#
#####... .........#
#......##....... #######.##
#.......#.###... #.# ##.....##.#
##.# #.### #...###.# #.# #.W<#
#.## #.# #.# ###.# ###########.#
#.# #..'..#.....#


You could see an ogre and M4edhros's ghost.

Vanquished Creatures
  An ogre (D:4)
  A hound (D:4)
  Crazy Yiuf (D:3)
  An orc wizard (D:3)
  A gnoll (D:1)
  7 adders
  A worm (D:3)
  4 dart slugs
  3 giant geckos
  11 orcs (D:3)
  3 ball pythons (D:4)
  6 giant cockroaches
  2 goblins (D:1)
  12 hobgoblins
  8 kobolds
  7 bats
  7 giant newts
  A jackal skeleton (D:4)
  6 rats
83 creatures vanquished.

Notes
Turn   | Place    | Note
--------------------------------------------------------------
     0 | D:1      | M4edhros the Octopode Wanderer began the quest for the Orb.
     0 | D:1      | M4edhros set off with: a lamp of fire, a +0 hand crossbow, 24 bolts, a potion of curing, a bread ration
     0 | D:1      | Reached XP level 1. HP: 13/13 MP: 1/1
    15 | D:1      | Reached skill level 1 in Dodging
    29 | D:1      | Reached XP level 2. HP: 8/18 MP: 2/2
   372 | D:1      | Reached skill level 2 in Dodging
   488 | D:1      | Reached XP level 3. HP: 6/23 MP: 3/3
   878 | D:1      | Reached skill level 3 in Dodging
  1106 | D:2      | Reached XP level 4. HP: 28/28 MP: 4/4
  1344 | D:2      | Found a sacrificial altar of Ru.
  1596 | D:3      | Reached skill level 4 in Dodging
  1602 | D:3      | Reached XP level 5. HP: 30/33 MP: 5/5
  1835 | D:3      | Noticed Crazy Yiuf
  1839 | D:3      | Killed Crazy Yiuf
  1920 | D:3      | Reached skill level 5 in Dodging
  2280 | D:4      | Noticed M4edhros's ghost (novice OpWn)
  2298 | D:4      | HP: 1/33 [M4edhros's ghost (9)]
  2554 | D:4      | Learned a level 1 spell: Sting
  2558 | D:4      | Learned a level 3 spell: Mephitic Cloud
  2631 | D:4      | Noticed an ogre
  2645 | D:4      | Killed an ogre
  2645 | D:4      | Reached skill level 1 in Conjurations
  2645 | D:4      | Reached skill level 1 in Air Magic
  2645 | D:4      | Reached XP level 6. HP: 18/38 MP: 1/6
  3152 | D:4      | Found a shadowy altar of Dithmenos.
  3327 | D:4      | Slain by M4edhros's ghost

Vault maps used:
D:1:      tarquinn_simple_flora_water_d
D:2:      nicolae_ru_path_of_blood
D:3:      uniq_crazy_yiuf_cottage
D:4:      grunt_dithmenos_smoke_and_mirrors, first_bread, minmay_snake_closets,
          uniq_natasha

Skill      XL: |  1  2  3  4  5 |
---------------+----------------+-----
Dodging        | 1 2 3 4 5 |  5.5
Conjurations   | 1 |  1.2
Air Magic      | 1 |  1.5
Poison Magic   | 3 |  3.3
Fighting       | |  1.0
Crossbows      | |  4.0
Throwing       | |  1.0
Charms         | |  1.0
Evocations     | |  1.1

Action                   |  1- 3 |  4- 6 || total
-------------------------+-------+-------++-------
Melee: Unarmed           |     3 |       ||     3
       War axe           |       |   114 ||   114
 Fire: Hand crossbow     |    62 |    24 ||    86
 Cast: Sting             |       |     4 ||     4
Evoke: Lamp of fire      |       |     1 ||     1
  Use: Potion            |       |    13 ||    13
 Stab: Sleeping          |       |    10 ||    10
       Distracted        |       |     1 ||     1
       Invisible         |       |     1 ||     1
  Eat: Chunk             |       |     8 ||     8
